 Dungeon Crawl Stone Soup version 0.29.1-2-gbd0b4ee654 (webtiles) character file.

Game seed: 3475223224321254622

77 llahlahkje the Cudgeller (level 4, -8/29 HPs)
             Began as a Gargoyle Berserker on Oct 25, 2022.
             Was a Believer of Trog.
             Mangled by a gnoll
             ... wielding a +0 halberd
              (9 damage)
             ... on level 2 of the Dungeon.
             The game lasted 00:05:24 (1081 turns).

llahlahkje the Cudgeller (Gargoyle Berserker)       Turns: 1081, Time: 00:05:24

Health: -8/29      AC:  5    Str: 23    XL:     4   Next: 33%
Magic:  4/4        EV: 12    Int:  7    God:    Trog [**....]
Gold:   91         SH:  0    Dex:  9    Spells: 3/3 levels left

rFire   . . .      SeeInvis .   a - +0 mace
rCold   . . .      Faith    .   (no shield)
rNeg    + . .      Spirit   .   b - +0 animal skin
rPois   ∞          Reflect  .   (no helmet)
rElec   +          Harm     .   (no cloak)
rCorr   .          Rampage  .   (no gloves)
Will    .....                   (no boots)
Stlth   +.........              (no amulet)
HPRegen 0.09/turn               (no ring)
MPRegen 0.09/turn               (no ring)

@: no status effects
A: sickness immunity, AC +3, negative energy resistance 1, electricity
resistance, torment resistance 1, petrification resistance
a: Renounce Religion, Berserk, Trog's Hand


You were on level 2 of the Dungeon.
You worshipped Trog.
Trog was pleased with you.
You visited 1 branch of the dungeon, and saw 2 of its levels.

You collected 91 gold pieces.

Inventory:

Hand Weapons
 a - a +0 mace (weapon)
Missiles
 h - 2 poisoned darts (quivered)
Armour
 b - a +0 animal skin (worn)
Magical Staves
 d - a staff of conjuration
 e - a staff of air
Jewellery
 c - a ring of flight
Scrolls
 f - a scroll of poison {unknown}
 g - a scroll of immolation
 k - a scroll of blinking {unknown}
 l - a scroll of teleportation
Potions
 i - 2 potions of curing
 j - a potion of flight {unknown}


   Skills:
 + Level 3.9 Fighting
 + Level 4.2 Maces & Flails
 + Level 2.3 Armour
 + Level 2.1 Dodging


You had 3 spell levels left.
You didn't know any spells.
Your spell library contained the following spells:

 Spells                   Type           Power      Damage    Failure   Level
 Beastly Appendage        Tmut           0%         N/A       43%         1
 Wereblood                Tmut           0%         N/A       56%         2
 Spider Form              Tmut/Pois      0%         N/A       80%         3


Dungeon Overview and Level Annotations

Branches:
Dungeon (2/15)

Altars:


Innate Abilities, Weirdness & Mutations

You are immune to sickness and miasma.
Your stone body is resilient. (AC +3)
You are immune to poison.
You resist negative energy. (rN+)
You are resistant to electric shocks. (rElec)
You are resistant to unholy torment.
You are immune to petrification.


Message History

The gnoll is moderately wounded.
A gnoll comes into view. It is wielding a +0 halberd.
The gnoll hits you with a +0 club.
The gnoll shouts!
You hit the gnoll.
The gnoll is severely wounded.
The gnoll hits you with a +0 club.
You hit the gnoll.
You kill the gnoll!
Trog accepts your kill.
Your Maces & Flails skill increases to level 4!
The gnoll misses you.
Things that are here:
a +0 club; a +0 club; a gnoll corpse The gnoll throws a throwing net.
The throwing net completely misses you.
You see here a throwing net.
There are no items here.
There are monsters nearby!
Hit: a) +0 mace
Press: ? - help, Dir - move target, f - you
Okay, then.
You see here a +0 leather armour.
The gnoll barely misses you.
You hit the gnoll.
The gnoll is moderately wounded.
The gnoll hits you with a +0 flail. The gnoll barely misses you. x2
You closely miss the gnoll.
The gnoll is moderately wounded.
The gnoll hits you from afar with a +0 halberd!
The gnoll completely misses you.
You hit the gnoll but do no damage.
The gnoll is moderately wounded.
The gnoll closely misses you. The gnoll barely misses you.
You sock the gnoll!
You kill the gnoll!
Trog accepts your kill.
The gnoll hits you from afar with a +0 halberd!
* * * LOW HITPOINT WARNING * * *
The gnoll hits you with a +0 halberd!
You die...

# #.#
###.####################### ...
................†..............
.#############.############...
.......<# #.# ####.# ........#
# #.# #....# ........#.#
#.#########....# ..........#
#.#g.....()....# ###......##
#.#@#######....# #.###..#
#.#............# #.# #.# ..#
#.#.########.....# #.. #.# ..#
#........# #..(..# .. #.#
..#.....####.# #.....###.# ..#
........####.###.........# ##
.##...........##....######
#...........##..†.#
#...........##.#'##


You could see a gnoll.

Vanquished Creatures
  An adder (D:2)
  3 gnolls (D:2)
  2 ball pythons (D:1)
  2 bats
  5 endoplasms
  A giant cockroach (D:1)
  2 goblins (D:1)
  4 hobgoblins
  3 jackals (D:1)
  A quokka (D:1)
  3 frilled lizards
  6 kobolds
  4 rats
37 creatures vanquished.

Vanquished Creatures (collateral kills)
  An endoplasm (D:2)
1 creature vanquished.

Grand Total: 38 creatures vanquished

Notes
Turn   | Place    | Note
-------+----------+-------------------------------------------
     0 | D:1      | llahlahkje the Gargoyle Berserker began the quest for the
                  | Orb.
     0 | D:1      | Reached XP level 1. HP: 14/14 MP: 1/1
    90 | D:1      | Reached XP level 2. HP: 7/19 MP: 2/2
   569 | D:1      | Reached XP level 3. HP: 23/24 MP: 3/3
   604 | D:1      | Reached ** piety under Trog
  1016 | D:2      | Found a faded altar of an unknown god.
  1062 | D:2      | Reached XP level 4. HP: 29/29 MP: 4/4
  1066 | D:2      | Reached skill level 4 in Maces & Flails
  1080 | D:2      | HP: 1/29 [gnoll/+0 halberd (14)]
  1081 | D:2      | Mangled by a gnoll

Illustrated notes

Levels and vault maps discovered:
D:1:      ebering_trefoil_3fold, layout_loops_ring, minivault_11,
          corexii_leaking_fountain
D:2:      layout_basic, nicolae_ecumenical_lake_church, grunt_ministairs_12,
          grunt_decor_mini_mirrors

Skill      XL: |  1  2  3  4 |
---------------+-------------+-----
Dodging        | 2 |  2.1
Maces & Flails | 4 |  4.2
Fighting       | |  3.9
Armour         | |  2.3

Action                   |  1- 3 |  4- 6 || total
-------------------------+-------+-------++-------
Melee: Mace              |    82 |     8 ||    90
Throw: Dart              |     1 |       ||     1
  Use: Scroll            |     6 |       ||     6
       Potion            |     3 |       ||     3
Armor: Animal skin       |    37 |       ||    37
Dodge: Dodged            |    57 |    10 ||    67
